 Dungeon Crawl Stone Soup version 0.31.0-11-ge490571c62 (webtiles) character file.

Game seed: 9831913140019060432

70 Arcadio the Digger (level 4, 0/24 HPs)
             Began as a Deep Elf Earth Elementalist on Jan 31, 2024.
             Succumbed to an adder's poison
             ... on level 2 of the Dungeon.
             The game lasted 00:02:12 (747 turns).

Arcadio the Digger (Deep Elf Earth Elementalist)     Turns: 747, Time: 00:02:13

Health: 0/24       AC:  2    Str:  5    XL:     4   Next: 4%
Magic:  10/11      EV: 13    Int: 22    God:
Gold:   34         SH:  0    Dex: 15    Spells: 9/10 levels left

rFire   . . .        k - staff of earth
rCold   . . .        (no shield)
rNeg    . . .        a - +0 robe
rPois   .            (no helmet)
rElec   .            (no cloak)
rCorr   .            (no gloves)
SInv    .            (no boots)
Will    .....        c - amulet of magic regeneration
Stlth   ++           (no ring)
HPRegen 0.24/turn    (no ring)
MPRegen 0.52/turn

%: no passive effects
@: lethally poisoned (0 -> -2), attractive
A: no striking features
a: no special abilities


You were on level 2 of the Dungeon.
You visited 1 branch of the dungeon, and saw 2 of its levels.

You collected 34 gold pieces.

Inventory:

Hand Weapons
 d - a +0 dagger
Armour
 a - a +0 robe (worn)
Magical Staves
 k - a staff of earth (weapon)
Jewellery
 c - an amulet of magic regeneration (around neck)
 f - a ring of fire
 h - a ring of see invisible
Scrolls
 i - a scroll of fear {unknown}
 j - 3 scrolls of vulnerability {unknown}
 l - a scroll of identify {unknown}
Potions
 b - a potion of magic


   Skills:
 + Level 3.2 Dodging
 + Level 3.3 Stealth
 + Level 3.7 Spellcasting
 + Level 2.0 Conjurations
 + Level 3.8 Earth Magic


You had 9 spell levels left.
You knew the following spells:

 Your Spells              Type           Power      Damage    Failure   Level
a - Sandblast             Erth           62%        2d14      2%          1

Your spell library contained the following spells:

 Spells                   Type           Power      Damage    Failure   Level
 Passwall                 Erth           31%        N/A       7%          3
 Stone Arrow              Conj/Erth      50%        3d10      11%         3
 Brom's Barrelling Bould  Conj/Erth      25%        2d5       34%         4
 Petrify                  Alch/Erth      18%        N/A       45%         4


Dungeon Overview and Level Annotations

Branches:
Dungeon (2/15)

Altars:


Message History

Press: ? - help, Shift-Dir - straight line, f - adder
Aim: an adder (72% to hit)
You feel a surge of power!
The blast of sand hits the adder!
The adder is severely wounded.
You feel sick. The adder bites you. The adder completely misses you.
Casting: Sandblast (safe; 2% risk of failure)
Confirm with . or Enter, or press ? or * to list all spells.
Aiming: Sandblast (safe; 2% risk of failure)
Press: ? - help, Shift-Dir - straight line, f/p - adder
Aim: an adder (severely wounded, 72% to hit)
You feel a surge of power!
The blast of sand misses the adder.
The blast of sand hits the kobold.
You kill the kobold!
You feel sick. The adder bites you. x2
You are lethally poisoned!
The adder poisons you!
Casting: Sandblast (safe; 2% risk of failure)
Confirm with . or Enter, or press ? or * to list all spells.
Aiming: Sandblast (safe; 2% risk of failure)
Press: ? - help, Shift-Dir - straight line, f/p - adder
Aim: an adder (severely wounded, 72% to hit)
You feel a surge of power!
The blast of sand hits the adder!
You kill the adder!
* * * LOW HITPOINT WARNING * * *
You feel very sick.
You have reached level 4!
You feel clever.
It was a potion of cancellation.
You feel magically purged.
* * * LOW HITPOINT WARNING * * *
You feel sick.
It was a potion of attraction.
You feel attractive to monsters.
* * * LOW HITPOINT WARNING * * *
You feel sick.
There is a lethal amount of poison in your body!
There is a lethal amount of poison in your body!
The web tears apart.
* * * LOW HITPOINT WARNING * * *
You feel sick.
You die...

#....#...########
#####.....#.# ...#
............# ..).+
####....###.# #.<.#
#....#$#...#...#
..####..###.###.#...#
#.......# ... .....
#####.### #)###.#
#....# #)).@.# #
#.#..### #.###.#.#
#.#....# ...#.....#
#.#....###.###.##.##
#.##.#...#!#......#
#. #.....###....###
#. ####......#### ..
#...#### #####


There were no monsters in sight!

Vanquished Creatures
  An adder (D:2)
  A ribbon worm (D:2)
  2 dart slugs (D:1)
  2 ball pythons (D:1)
  6 bats
  4 endoplasms (D:1)
  3 giant cockroaches
  6 goblins
  8 hobgoblins
  5 jackals
  3 kobolds
  3 quokkas (D:1)
  A rat (D:1)
45 creatures vanquished.

Notes
Turn   | Place    | Note
-------+----------+-------------------------------------------
     0 | D:1      | Arcadio the Deep Elf Earth Elementalist began the quest for
                  | the Orb.
     0 | D:1      | Reached XP level 1. HP: 10/10 MP: 6/6
    86 | D:1      | Reached XP level 2. HP: 15/15 MP: 6/8
   398 | D:1      | Reached XP level 3. HP: 19/19 MP: 9/9
   744 | D:2      | Reached XP level 4. HP: 4/24 MP: 8/11
   746 | D:2      | HP: 1/24 [poisoned by an adder]
   747 | D:2      | Succumbed to an adder's poison

Illustrated notes

Levels and vault maps discovered:
D:1:      co_arrival_square_in_a_square_in_a_square, layout_loops_ring,
          nicolae_figureground_sparkle
D:2:      layout_basic, minmay_quantized

Skill      XL: |  1  2  3 |
---------------+----------+-----
Stealth        | 3 |  3.3
Dodging        | 3 |  3.2
Conjurations   | 2 |  2.0
Spellcasting   | |  3.7
Earth Magic    | |  3.8

Action                     |  1- 3 |  4- 6 || total
---------------------------+-------+-------++-------
  Melee: Dagger            |     7 |       ||     7
   Cast: Sandblast         |    62 |       ||    62
    Use: Potion            |       |     2 ||     2
 Armour: Robe              |    25 |       ||    25
  Dodge: Dodged            |    32 |       ||    32
